 Dungeon Sprint DCSS version 0.27-a0-808-g60bc5d92e6 (webtiles) character file.

Game seed: 5203854099992627959

2752 mhtbhm the Impaler (level 9, -9/96 HPs)
             Began as a Minotaur Berserker on Mar 28, 2021.
             Was the Champion of Trog.
             Mangled by a merfolk
             ... wielding a +0 glaive
              (18 damage)
             ... in the Dungeon (Sprint VII: "The Pits").
             The game lasted 00:02:24 (904 turns).

mhtbhm the Impaler (Minotaur Berserker)              Turns: 904, Time: 00:02:24

Health: -9/96      AC: 18    Str: 25    XL:     9   Next: 41%
Magic:  8/8        EV: 11    Int:  7    God:    Trog [******]
Gold:   0          SH:  0    Dex: 13    Spells: 8/8 levels left

rFire    . . .     SeeInvis .   a - +2 halberd (protect)
rCold    . . .     Faith    .   (shield currently unavailable)
rNeg     . . .     Spirit   .   b - +4 chain mail
rPois    .         Reflect  .   (helmet restricted)
rElec    .         Harm     .   (no cloak)
rCorr    .         Rampage  .   p - +0 pair of gloves
Will     ++...     NoTele   +   q - +0 pair of boots
Stlth    ..........             (no amulet)
HPRegen  1.26/turn              l - +3 ring of dexterity
MPRegen  0.11/turn              k - +3 ring of intelligence

@: berserk cooldown, regenerating, slowed, very slow
A: horns 2, retaliatory headbutt
a: Renounce Religion, Berserk, Trog's Hand, Brothers in Arms


You were in the Dungeon.
You worshipped Trog.
Trog was exalted by your worship.
You visited 1 branch

Inventory:

Hand Weapons
 a - a +2 halberd of protection (weapon)
Armour
 b - a +4 chain mail (worn)
 p - a +0 pair of gloves (worn)
 q - a +0 pair of boots (worn)
Jewellery
 k - a +3 ring of intelligence (right hand)
 l - a +3 ring of dexterity (left hand)
Potions
 c - 6 potions of curing
 d - 8 potions of heal wounds
 e - a potion of haste
 f - 4 potions of magic
 g - 3 potions of berserk rage
 i - 2 potions of invisibility
 m - a potion of resistance
 n - a potion of might
 o - a potion of mutation


   Skills:
 + Level 14.9 Fighting
 + Level 16.5 Polearms
 + Level 10.2 Armour
 + Level 6.3 Dodging
 + Level 2.5 Stealth


You had 8 spell levels left.
You didn't know any spells.
Your spell library was empty.

Dungeon Overview and Level Annotations

Branches:
Dungeon (1/1)

Altars:
Ashenzari
Cheibriados
Dithmenos
Elyvilon
Fedhas
Gozag
Hepliaklqana
Kikubaaqudgha
Makhleb
Nemelex Xobeh
Okawaru
Qazlal
Ru
Sif Muna
Trog
Uskayaw
Vehumet
Wu Jian
Xom
Yredelemnul
Zin
The Shining One
Beogh
Jiyva
Lugonu


Innate Abilities, Weirdness & Mutations

You have a pair of horns on your head.
You reflexively headbutt those who attack you in melee.


Message History

Your deep troll bites the white imp but does no damage.
Your deep troll barely misses the white imp.
Your deep troll claws the white imp.
The merfolk hits you with a +0 glaive!
* * * LOW HITPOINT WARNING * * *
The merfolk misses you.
The white imp hits your deep troll but does no damage.
You puncture the merfolk!
Your weapon exudes an aura of protection.
You headbutt the merfolk, but do no damage.
The merfolk is lightly wounded.
Your deep troll bites the white imp.
Your deep troll claws the white imp but does no damage.
Your deep troll claws the white imp!
The white imp dies!
Trog accepts your kill. The merfolk closely misses you.
The merfolk hits you with a +0 glaive.
* * * LOW HITPOINT WARNING * * *
Unknown command.
You feel much better.
The merfolk hits you but does no damage. x2
Unknown command.
You barely miss the merfolk. Your headbutt misses the merfolk.
The merfolk is lightly wounded.
Your deep troll completely misses the merfolk.
Your deep troll claws the merfolk! x2; The merfolk hits you with a +0 glaive!
* * * LOW HITPOINT WARNING * * *
The merfolk hits you from afar with a +0 trident!
* * * LOW HITPOINT WARNING * * *
Your deep troll closely misses the merfolk.
Your deep troll misses the merfolk.
Your deep troll closely misses the merfolk.
You feel much better.
The merfolk hits you but does no damage.
The merfolk hits you with a +0 glaive!
* * * LOW HITPOINT WARNING * * *
Your deep troll closely misses the merfolk.
Your deep troll claws the merfolk!
Your deep troll claws the merfolk.
The merfolk hits you but does no damage.
The merfolk hits you with a +0 glaive!!
You die...

####### _____.# _____.#
___...###########++######
#####'##................#
))))'.##......#..#......#
#####.##........@.......+
.......'.........mm.....+
##)#####......#.)#T.....#
#..#..##................#
)..#))#####'#####)'######
####))##.......##''#######
#..#))##.......##.........
#..#[[##.......##.........
#).#'###...<...##.m#####..


You could see 2 merfolk and a friendly deep troll (summoned, berserk).

Vanquished Creatures
  An orc knight (D)
  An unseen horror (D)
  An ice devil (D)
  A polar bear (D)
  A fire bat (D)
  2 floating eyes (D)
  An orc warrior (D)
  A wolf (D)
  A centaur (D)
  4 wights (D)
  2 crimson imps (D)
  An orc priest (D)
  A gnoll (D)
  An ufetubus (D)
  5 orcs (D)
  2 endoplasms (D)
  3 hobgoblins (D)
  3 jackals (D)
  A quokka (D)
  A rat (D)
34 creatures vanquished.

Vanquished Creatures (collateral kills)
  A merfolk impaler (D)
  2 merfolk (D)
  An iron imp (D)
  A white imp (D)
5 creatures vanquished.

Grand Total: 39 creatures vanquished

Notes
Turn   | Place    | Note
-------+----------+-------------------------------------------
     0 | D        | mhtbhm the Minotaur Berserker began the quest for the Orb.
     0 | D        | Reached XP level 1. HP: 19/19 MP: 0/0
    12 | D        | Noticed a floating eye
    18 | D        | Paralysed by a floating eye for 3 turns
    25 | D        | Killed a floating eye
    26 | D        | Reached skill level 7 in Polearms
    26 | D        | Reached XP level 2. HP: 34/34 MP: 1/1
    26 | D        | Reached XP level 3. HP: 39/39 MP: 2/2
    26 | D        | Reached XP level 4. HP: 47/47 MP: 3/3
    42 | D        | Found a bloodstained altar of Trog.
    42 | D        | Found a shimmering blue altar of Sif Muna.
    42 | D        | Found a viscous altar of Jiyva.
    42 | D        | Found a hazy altar of Hepliaklqana.
    42 | D        | Found an opulent altar of Gozag.
    43 | D        | Found a glowing golden altar of the Shining One.
    43 | D        | Found a glowing silver altar of Zin.
    43 | D        | Found a basalt altar of Yredelemnul.
    43 | D        | Found a shimmering altar of Xom.
    43 | D        | Found an ornate altar of the Wu Jian Council.
    43 | D        | Found a sacrificial altar of Ru.
    43 | D        | Found a stormy altar of Qazlal.
    43 | D        | Found an iron altar of Okawaru.
    43 | D        | Found a sparkling altar of Nemelex Xobeh.
    43 | D        | Found a burning altar of Makhleb.
    43 | D        | Found a blossoming altar of Fedhas.
    43 | D        | Found a white marble altar of Elyvilon.
    43 | D        | Found a shadowy altar of Dithmenos.
    43 | D        | Found a snail-covered altar of Cheibriados.
    45 | D        | Found a radiant altar of Vehumet.
    45 | D        | Found a corrupted altar of Lugonu.
    82 | D        | Reached ** piety under Trog
    97 | D        | Reached *** piety under Trog
   107 | D        | Reached skill level 8 in Polearms
   113 | D        | Reached **** piety under Trog
   283 | D        | Noticed a wolf
   287 | D        | Noticed a centaur
   288 | D        | Reached XP level 5. HP: 56/56 MP: 4/4
   291 | D        | Reached skill level 9 in Polearms
   291 | D        | Reached skill level 5 in Armour
   293 | D        | Reached skill level 10 in Polearms
   294 | D        | Killed a wolf
   295 | D        | Reached skill level 10 in Fighting
   295 | D        | Reached XP level 6. HP: 66/66 MP: 5/5
   296 | D        | Reached ***** piety under Trog
   297 | D        | Reached skill level 11 in Polearms
   302 | D        | Reached skill level 5 in Dodging
   302 | D        | Reached skill level 1 in Stealth
   303 | D        | Noticed a fire bat
   309 | D        | Killed a fire bat
   310 | D        | Reached skill level 12 in Polearms
   310 | D        | Reached XP level 7. HP: 75/75 MP: 6/6
   344 | D        | Noticed an orc knight
   352 | D        | Killed an orc knight
   353 | D        | Reached skill level 14 in Polearms
   353 | D        | Reached XP level 8. HP: 80/85 MP: 7/7
   391 | D        | Paralysed by a floating eye for 2 turns
   397 | D        | Reached ****** piety under Trog
   401 | D        | Received a gift from Trog
   405 | D        | Noticed a polar bear
   405 | D        | Noticed an ice devil
   426 | D        | Killed an ice devil
   427 | D        | Reached skill level 15 in Polearms
   433 | D        | Killed a polar bear
   780 | D        | Found a hide-covered altar of Uskayaw.
   780 | D        | Found an ancient bone altar of Kikubaaqudgha.
   780 | D        | Found a broken altar of Ashenzari.
   831 | D        | Killed an unseen horror
   832 | D        | Reached XP level 9. HP: 86/95 MP: 8/8
   880 | D        | Noticed a merfolk impaler
   880 | D        | Noticed a merfolk
   880 | D        | Noticed a merfolk
   880 | D        | Noticed a merfolk
   880 | D        | Noticed a merfolk
   896 | D        | Killed a merfolk impaler
   897 | D        | Reached skill level 16 in Polearms
   897 | D        | Killed a merfolk
   898 | D        | Reached skill level 10 in Armour
   898 | D        | Killed a merfolk
   903 | D        | HP: 3/96 [merfolk/+0 trident (14)]
   904 | D        | Mangled by a merfolk

Illustrated notes

Levels and vault maps discovered:
D:        pitsprint [storerooms_1, entrance_room_1, metal_vault_8, armoury_1,
          mini_pit_1, grid_room_1, main_hall_1, silver_pit, the_coven_2,
          the_vestibule_1, steel_vault_3, golden_pit, hallway_of_sentries,
          crystal_vault_1, iron_vault_1, final_vault]

Skill      XL: |  1  2  3  4  5  6  7  8  9 |
---------------+----------------------------+-----
Fighting       | 7 8 10 11 12 14 | 14.9
Polearms       | 7 8 10 12 14 15 16 | 16.5
Armour         | 4 5 6 7 9 10 | 10.2
Dodging        | 3 4 5 6 |  6.3
Stealth        | 1 2 |  2.5

Action                   |  1- 3 |  4- 6 |  7- 9 || total
-------------------------+-------+-------+-------++-------
Melee: Spear             |     5 |     4 |       ||     9
       Headbutt          |     3 |     7 |    16 ||    26
       Trident           |       |    41 |    46 ||    87
       Halberd           |       |       |    13 ||    13
Invok: Berserk           |       |     1 |     3 ||     4
       Trog's Hand       |       |       |     1 ||     1
       Brothers in Arms  |       |       |     1 ||     1
  Use: Potion            |       |       |     4 ||     4
       Scroll            |       |       |     2 ||     2
Armor: Scale mail        |       |     2 |    11 ||    13
       Chain mail        |       |       |    38 ||    38
Dodge: Dodged            |       |    13 |    21 ||    34

Table legend: (Time is in decaauts)
 A = Elapsed time spent in this place.
 B = Non-inter-level travel time spent in this place.
 C = Inter-level travel time spent in this place.
 D = Time resting spent in this place.
 E = Time spent auto-exploring this place.
 F = Levels seen in this place.
 G = Mean time per level.
                   A        B        C        D        E       F      G
               +--------+--------+--------+--------+--------+-----+--------+
         Total |    894 |    894 |      0 |    193 |    317 |   1 |  894.0 |
       Dungeon |    894 |    894 |      0 |    193 |    317 |   1 |  894.0 |
               +--------+--------+--------+--------+--------+-----+--------+

Top non-repeatable levels by time:
       D: 894 daAuts
